 Dungeon Crawl Stone Soup version 0.30-a0-170-g85af917532 (webtiles) character file.

Game seed: 7955448237436699642

735 qw the Chopper (level 7, -4/44 HPs)
             Began as a Gargoyle Fighter on Sept 30, 2022.
             Slain by a chaos spawn (16 damage)
             ... on level 1 of the Abyss.
             The game lasted 00:01:36 (4048 turns).

qw the Chopper (Gargoyle Fighter)                   Turns: 4048, Time: 00:01:36

Health: -4/44      AC: 23    Str: 21      XL:     7   Next: 74%
Magic:  7/7        EV:  7    Int:  8 (9)  God:
Gold:   9          SH:  4    Dex:  9      Spells: 6/6 levels left

rFire   . . .      SeeInvis .    Y - +0 war axe
rCold   . . .      Faith    .    c - +0 buckler
rNeg    + . .      Spirit   .    k - +0 chain mail
rPois   inf        Reflect  .    g - +2 helmet
rElec   +          Harm     .    (no cloak)
rCorr   .          Rampage  .    (no gloves)
Will    .....                    e - +1 pair of boots
Stlth   ..........               (no amulet)
HPRegen 0.14/turn                p - +4 ring of protection
MPRegen 0.10/turn                (no ring)

@: mighty, about to teleport
A: sickness immunity, AC +4, negative energy resistance 1, electricity
resistance, torment resistance 1, petrification resistance
a: no special abilities


You were on level 1 of the Abyss.
You visited 1 branch of the dungeon, and saw 4 of its levels.
You visited the Abyss 1 time.

You collected 170 gold pieces.
You spent 161 gold pieces at shops.


Innate Abilities, Weirdness & Mutations

You are immune to sickness and miasma.
Your stone body is resilient. (AC +4)
You are immune to poison.
You resist negative energy. (rN+)
You are resistant to electric shocks. (rElec)
You are resistant to unholy torment.
You are immune to petrification.


   Skills:
 + Level 4.4 Fighting
 - Level 7.1 Axes
 - Level 3.2 Armour
 - Level 1.5 Dodging
 - Level 3.2 Shields


You had 6 spell levels left.
You didn't know any spells.
Your spell library was empty.

Inventory:

Hand Weapons
 s - a +4 morningstar
 Y - a +0 war axe (weapon)
Armour
 c - a +0 buckler (worn)
 e - a +1 pair of boots (worn)
 g - a +2 helmet (worn)
 k - a +0 chain mail (worn)
Jewellery
 p - a +4 ring of protection (left hand)
Scrolls
 a - a scroll of identify
Potions
 d - a potion of might
 f - 3 potions of lignification
 h - a potion of curing
 l - a potion of haste
 n - a potion of attraction {unknown}

Dungeon Overview and Level Annotations

Branches:
Dungeon (4/15)
 Temple: D:4-7

Altars:
Ashenzari
Hepliaklqana
Xom

Shops:
D:4 ?

Annotations:
D:3 3 runed translucent doors, qw's ghost, amateur GrFi
D:4 Edmund


Message History

You barely miss the thrashing horror.
The thrashing horror is moderately damaged.
The thrashing horror roars!
The thrashing horror tramples you but does no damage. x3
The thrashing horror barely misses you.
You hit the thrashing horror but do no damage.
The thrashing horror is lightly damaged.
You miss the chaos spawn. The thrashing horror barely misses you.
The thrashing horror tramples you but does no damage.
The chaos spawn gores you! The chaos spawn freezes you!
The chaos spawn gores you.
You feel very mighty all of a sudden.
4045 ||| READING scroll of teleportation.
As you read the scroll of teleportation, it crumbles to dust.
You feel strangely unstable.
You feel the power of the Abyss delaying your translocation!
The thrashing horror tramples you but does no damage.
The thrashing horror closely misses you.
The chaos spawn gores you but does no damage.
4046 ||| DRINKING potion of heal wounds.
You feel much better. The thrashing horror barely misses you.
The thrashing horror tramples you but does no damage. x3
The chaos spawn closely misses you.
The thrashing horror tramples you but does no damage. x2
You slash the thrashing horror!
The thrashing horror is moderately damaged.
You slash the thrashing horror!
You hit the chaos spawn but do no damage.
The thrashing horror tramples you but does no damage.
The thrashing horror tramples you.
You hold your ground!
The thrashing horror tramples you!
You stumble backwards!
The thrashing horror tramples you but does no damage. x2
You slash the thrashing horror!
The thrashing horror is heavily damaged.
You slash the chaos spawn!
The thrashing horror tramples you but does no damage. x2
The chaos spawn hits you! The chaos spawn freezes you!
You die...

......#.........
...............
#.#........... ##.
...........# ....#
#...........
#....##...........
.........XX......
.# ... .#4...#....
.#. ...#@##......
#...#..### #.....
...###.. .#...
.... ... ###. #..
... #. ..#


You could see 2 thrashing horrors and a chaos spawn.

Vanquished Creatures
  Sigmund (D:2)
  An ogre (D:4)
  4 wights (D:4)
  A jelly (D:4)
  A hound (D:4)
  Ijyb (D:3)
  3 adders
  7 gnolls (D:4)
  2 river rats (D:3)
  An ufetubus (D:4)
  A worm (D:3)
  3 dart slugs
  An orc (D:3)
  5 ball pythons (D:1)
  2 bats
  4 endoplasms
  6 giant cockroaches
  12 goblins
  7 hobgoblins
  3 jackals (D:1)
  3 quokkas
  A frilled lizard (D:1)
  10 kobolds
  10 rats
90 creatures vanquished.

Notes
Turn   | Place    | Note
-------+----------+-------------------------------------------
     0 | D:1      | qw the Gargoyle Fighter began the quest for the Orb.
     0 | D:1      | Reached XP level 1. HP: 14/14 MP: 1/1
     0 | D:1      | 0 ||| qw: Version: 0.2-a-12-gaebbb33
     0 | D:1      | 0 ||| qw: Game counter: 1532
     0 | D:1      | 0 ||| qw: Always use a shield: true
     0 | D:1      | 0 ||| qw: God list: Okawaru
     0 | D:1      | 0 ||| qw: Allow faded altars: false
     0 | D:1      | 0 ||| qw: Do Orc after D:15 true
     0 | D:1      | 0 ||| qw: Do second Lair branch before Depths: true
     0 | D:1      | 0 ||| qw: Lair rune preference: random
     0 | D:1      | 0 ||| qw: Plans: Normal, Zot:1-4, God:TSO, Crypt, Tomb,
                  | Pan, Slime:5, Hells, Abyss, Orb
     0 | D:1      | 0 ||| PLANNING D:1-11
    23 | D:1      | Reached skill level 2 in Axes
   230 | D:1      | Reached XP level 2. HP: 17/19 MP: 2/2
   263 | D:1      | 263 ||| Stepping ~*~*~tactically~*~*~ (stealth).
   322 | D:1      | Found a faded altar of an unknown god.
   463 | D:1      | 463 ||| Stepping ~*~*~tactically~*~*~ (stealth).
   464 | D:1      | 464 ||| Stepping ~*~*~tactically~*~*~ (stealth).
   520 | D:1      | Reached skill level 3 in Axes
   637 | D:1      | Reached XP level 3. HP: 21/23 MP: 3/3
  1209 | D:1      | 1209 ||| READING 2 scrolls labelled KUR KYEWKARIUS.
  1210 | D:1      | 1210 ||| READING scroll labelled JIKIANTI POSA.
  1590 | D:2      | Reached XP level 4. HP: 28/28 MP: 4/4
  1592 | D:2      | 1592 ||| DROPPING +0 club.
  1632 | D:2      | Noticed Sigmund
  1638 | D:2      | 1638 ||| FLEEEEING.
  1639 | D:2      | 1639 ||| FLEEEEING.
  1640 | D:2      | 1640 ||| FLEEEEING.
  1641 | D:2      | 1641 ||| FLEEEEING.
  1642 | D:2      | 1642 ||| FLEEEEING.
  1643 | D:2      | 1643 ||| FLEEEEING.
  1644 | D:2      | 1644 ||| FLEEEEING.
  1645 | D:2      | 1645 ||| FLEEEEING.
  1646 | D:2      | 1646 ||| FLEEEEING.
  1647 | D:2      | 1647 ||| FLEEEEING.
  1648 | D:2      | 1648 ||| FLEEEEING.
  1649 | D:2      | 1649 ||| FLEEEEING.
  1650 | D:2      | 1650 ||| FLEEEEING.
  1651 | D:2      | 1651 ||| FLEEEEING.
  1652 | D:2      | 1652 ||| FLEEEEING.
  1653 | D:2      | 1653 ||| FLEEEEING.
  1654 | D:2      | 1654 ||| FLEEEEING.
  1655 | D:2      | 1655 ||| FLEEEEING.
  1656 | D:2      | 1656 ||| FLEEEEING.
  1657 | D:2      | 1657 ||| FLEEEEING.
  1658 | D:2      | 1658 ||| FLEEEEING.
  1659 | D:2      | 1659 ||| FLEEEEING.
  1660 | D:2      | 1660 ||| FLEEEEING.
  1661 | D:2      | 1661 ||| FLEEEEING.
  1662 | D:2      | 1662 ||| FLEEEEING.
  1663 | D:2      | 1663 ||| FLEEEEING.
  1664 | D:2      | 1664 ||| FLEEEEING.
  1665 | D:2      | 1665 ||| FLEEEEING.
  1666 | D:2      | 1666 ||| FLEEEEING.
  1667 | D:2      | 1667 ||| FLEEEEING.
  1668 | D:2      | 1668 ||| FLEEEEING.
  1669 | D:2      | 1669 ||| FLEEEEING.
  1670 | D:2      | 1670 ||| FLEEEEING.
  1671 | D:2      | 1671 ||| FLEEEEING.
  1672 | D:2      | 1672 ||| FLEEEEING.
  1673 | D:2      | 1673 ||| FLEEEEING.
  1674 | D:2      | 1674 ||| FLEEEEING.
  1675 | D:2      | 1675 ||| FLEEEEING.
  1676 | D:2      | 1676 ||| FLEEEEING.
  1677 | D:2      | 1677 ||| FLEEEEING.
  1678 | D:2      | 1678 ||| FLEEEEING.
  1687 | D:2      | Killed Sigmund
  1688 | D:2      | Reached skill level 5 in Axes
  1688 | D:2      | Reached XP level 5. HP: 16/32 MP: 5/5
  2054 | D:2      | 2054 ||| READING scroll labelled DUGERUET ZYZI.
  2055 | D:2      | 2055 ||| READING scroll labelled CUB VAAMYOR.
  2060 | D:2      | 2060 ||| READING 3 scrolls labelled FUMPUUNLIB.
  2061 | D:2      | 2061 ||| READING 3 scrolls of identify.
  2061 | D:2      | 2061 ||| IDENTIFYING metallic green potion
  2062 | D:2      | 2062 ||| READING 2 scrolls of identify.
  2062 | D:2      | 2062 ||| IDENTIFYING black potion
  2063 | D:2      | 2063 ||| DROPPING potion of flight.
  2064 | D:2      | 2064 ||| DROPPING 2 scrolls of vulnerability.
  2072 | D:3      | 2072 ||| PLANNING SEWER
  2162 | D:3      | Found a hazy altar of Hepliaklqana.
  2287 | D:3      | Noticed a centaur
  2289 | D:3      | Found a runed translucent gate.
  2290 | D:3      | Found a runed translucent gate.
  2294 | D:3      | Found a runed translucent gate.
  2295 | D:3      | Noticed qw's ghost (amateur GrFi)
  2336 | D:3      | Noticed Ijyb
  2342 | D:3      | Reached XP level 6. HP: 35/37 MP: 6/6
  2361 | D:3      | Killed Ijyb
  2516 | D:3      | Found a shimmering altar of Xom.
  2745 | D:3      | 2745 ||| RIP SEWER
  2746 | D:3      | 2746 ||| PLANNING D:1-11
  2786 | D:3      | 2786 ||| Stepping ~*~*~tactically~*~*~ (stealth).
  2946 | D:3      | 2946 ||| UPGRADING to +0 pair of boots.
  2951 | D:3      | 2951 ||| UPGRADING to +2 helmet.
  2956 | D:3      | 2956 ||| UPGRADING to +0 chain mail.
  2966 | D:3      | 2966 ||| DROPPING +0 scale mail.
  2967 | D:3      | 2967 ||| UPGRADING to +4 ring of protection.
  2968 | D:3      | 2968 ||| DRINKING 2 ruby potions.
  2969 | D:3      | 2969 ||| DRINKING 2 golden potions.
  2970 | D:3      | 2970 ||| DROPPING potion of degeneration.
  3013 | D:4      | 3013 ||| FLEEEEING.
  3014 | D:4      | 3014 ||| FLEEEEING.
  3015 | D:4      | 3015 ||| FLEEEEING.
  3016 | D:4      | 3016 ||| STAIRDANCE
  3126 | D:4      | 3126 ||| STAIRDANCE
  3152 | D:4      | Reached skill level 6 in Axes
  3152 | D:4      | 3152 ||| STAIRDANCE
  3403 | D:4      | 3403 ||| Stepping ~*~*~tactically~*~*~ (stealth).
  3421 | D:4      | Reached XP level 7. HP: 13/43 MP: 7/7
  3421 | D:4      | Found Veusekeryi's Magic Scroll Shop.
  3422 | D:4      | HP: 10/43 [gnoll/+0 spear (3)]
  3423 | D:4      | 3423 ||| DRINKING 3 potions of heal wounds.
  3451 | D:4      | 3451 ||| DROPPING +0 whip.
  3459 | D:4      | 3459 ||| BUYING 2 scrolls of identify (56 gold).
  3459 | D:4      | Bought 2 scrolls of identify for 56 gold pieces
  3459 | D:4      | 3459 ||| SHOPLISTING scroll of acquirement (728 gold, have
                  | 107).
  3459 | D:4      | 3459 ||| BUYING scroll of enchant armour (105 gold).
  3459 | D:4      | Bought a scroll of enchant armour for 105 gold pieces
  3459 | D:4      | 3459 ||| SHOPLISTING scroll of identify (28 gold, have 2).
  3459 | D:4      | 3459 ||| READING scroll of enchant armour.
  3459 | D:4      | 3459 ||| ENCHANTING +0 pair of boots.
  3702 | D:4      | Found a broken altar of Ashenzari.
  3739 | D:4      | Reached skill level 1 in Dodging
  3778 | D:4      | Reached skill level 7 in Axes
  4005 | D:4      | 4005 ||| DROPPING +0 flail.
  4006 | D:4      | Noticed Edmund
  4020 | Abyss:1  | Cast into level 1 of the Abyss (Edmund)
  4021 | Abyss:1  | 4021 ||| DROPPING ring of wizardry.
  4022 | Abyss:1  | 4022 ||| READING scroll labelled ESMASE SUWESA.
  4023 | Abyss:1  | 4023 ||| READING scroll labelled YWKOECS GEFEAH.
  4024 | Abyss:1  | 4024 ||| READING 3 scrolls of identify.
  4024 | Abyss:1  | 4024 ||| IDENTIFYING coppery potion
  4025 | Abyss:1  | 4025 ||| READING 2 scrolls of identify.
  4025 | Abyss:1  | 4025 ||| IDENTIFYING orange potion
  4026 | Abyss:1  | 4026 ||| DROPPING potion of brilliance.
  4033 | Abyss:1  | Noticed a thrashing horror
  4036 | Abyss:1  | Noticed a chaos spawn
  4041 | Abyss:1  | HP: 4/44 [thrashing horror (11)]
  4042 | Abyss:1  | 4042 ||| DRINKING 2 potions of heal wounds.
  4043 | Abyss:1  | Noticed a thrashing horror
  4045 | Abyss:1  | 4045 ||| READING scroll of teleportation.
  4046 | Abyss:1  | 4046 ||| DRINKING potion of heal wounds.
  4048 | Abyss:1  | Slain by a chaos spawn

Levels and vault maps discovered:
D:1:      psy_arrival_spokes, layout_loops_ring,
          hellmonk_ecumenical_altar_leap_of_faith
D:2:      layout_loops_ring, uniq_sigmund
D:3:      kennysheep_the_goblin_king, layout_rooms,
          mainiacjoe_overflow_alcove_4, nzn_hepliaklqana_mist_gate,
          gammafunk_ghost_split, portal_sewer_entry_b, uniq_ijyb
D:4:      layout_cave_pools, nicolae_ashenzari_skybound, serial_shops,
          nicolae_shop_stone, uniq_edmund
Abyss:1:  base:
D:1

Skill      XL: |  1  2  3  4  5  6  7 |
---------------+----------------------+-----
Axes           | 2 3 5 6 7 |  7.1
Fighting       | 4 |  4.4
Dodging        | 1 |  1.5
Armour         | |  3.2
Shields        | |  3.2

Action                   |  1- 3 |  4- 6 |  7- 9 || total
-------------------------+-------+-------+-------++-------
Melee: War axe           |   125 |   110 |    64 ||   299
  Use: Scroll            |     2 |     5 |     6 ||    13
       Potion            |       |     2 |     3 ||     5
Armor: Scale mail        |    68 |    27 |       ||    95
       Chain mail        |       |    42 |    50 ||    92
Dodge: Dodged            |    46 |    50 |    30 ||   126
Block: Buckler           |    22 |    28 |    14 ||    64

Table legend:
 A = Non-vault XP
 B = Vault XP
 C = Vault XP percentage of total XP
 D = Non-vault monster count
 E = Vault monster count
 F = Vault count percentage of total count
                 A         B        C        D         E       F
            +---------+---------+-------+---------+---------+-------
      Total |     754 |     297 |  28.3 |      77 |      13 |  14.4
            +---------+---------+-------+---------+---------+-------
        D:1 |      52 |       0 |   0.0 |      29 |       0 |   0.0
        D:2 |      34 |     214 |  86.3 |      11 |       1 |   8.3
        D:3 |      21 |      83 |  79.8 |      13 |      12 |  48.0
        D:4 |     647 |       0 |   0.0 |      24 |       0 |   0.0
            +---------+---------+-------+---------+---------+-------
